AoeStats
← xd kurisu7166

Black Forest

505764892Analyzed
1v1 RM · 23d ago on Sep 11, 2026· 42m 34s· 2 players
Game mode
Random Map
Map size
Tiny (2 player)
Population
200
Speed
Normal
Resources
Standard
Victory
Conquest
Starting age
Dark Age
Ending age
Imperial Age
RankedLock teamsTeams togetherTeam positionsShared explorationLock speedFull tech treeHidden civsTurbo modeCheats
Victory
Defeat
🇺🇸 Mongols · United States
64
+20
🇺🇸 Teutons · United States
153
-20
La Walada
0:47 Loom
9:40 Feudal Age
10:29 Town Watch
11:11 Horse Collar
13:51 Wheelbarrow
15:11 Arson
14:47 Man-at-Arms
16:11 Double-Bit Axe
28:14 Castle Age
28:33 Scale Mail Armor
31:07 Hand Cart
30:21 Elite Skirmisher
31:03 Squires
31:59 Bow Saw
34:14 Town Patrol
34:21 Crossbowman
37:05 Padded Archer Armor
37:11 Scale Barding Armor
37:18 Forging
xd kurisu7166
5:02 Loom
14:41 Feudal Age
24:21 Man-at-Arms
26:55 Wheelbarrow
26:14 Horse Collar
34:44 Castle Age
35:03 Castle Age
36:18 Hand Cart
36:40 Fletching
36:50 Padded Archer Armor
36:51 Scale Mail Armor
36:57 Scale Barding Armor
37:03 Forging
36:53 Gambesons
36:33 Long Swordsman
38:39 Heavy Plow
Connection lost

Rejoining the realm…

Still unreachable

The connection could not be restored.

Session expired

The server has moved on; the page needs a fresh start.